AoeStats
← MoroBeer

Migration

509391728Analyzed
1v1 RM · 5d ago on Sep 26, 2026· 38m 11s· 2 players
Game mode
Random Map
Map size
132×132
Population
200
Speed
Normal
Resources
Standard
Victory
Conquest
Starting age
Dark Age
Ending age
Imperial Age
RankedLock teamsTeams togetherTeam positionsShared explorationLock speedFull tech treeHidden civsTurbo modeCheats
Victory
Defeat
1116
+15
🇷🇺 Vikings · Russia
1085
-15
MoroBeer
11:04 Feudal Age
12:10 Town Watch
12:13 Loom
12:10 Fishing Lines
12:34 Double-Bit Axe
17:43 Castle Age
16:04 Fletching
19:36 Gold Mining
20:57 Bodkin Arrow
31:45 Forging
34:41 Padded Archer Armor
bogavante enloquecido
7:24 Loom
9:35 Feudal Age
11:47 Fletching
14:35 Padded Archer Armor
15:16 Double-Bit Axe
17:57 Fishing Lines
18:12 Town Watch
22:09 Castle Age
23:10 Bodkin Arrow
23:34 Crossbowman
26:44 Ballistics
27:32 Horse Collar
31:53 Bloodlines
32:21 Husbandry
35:19 Medium Warships
38:36 Leather Archer Armor
Connection lost

Rejoining the realm…

Still unreachable

The connection could not be restored.

Session expired

The server has moved on; the page needs a fresh start.